[Event "4NCL 2019-20"]
[Site "Daventry"]
[Date "2020.02.08"]
[Round "5"]
[White "Connell, Blair N"]
[Black "Ledger, Stephen C"]
[Result "1/2-1/2"]
[ECO "D00"]
[WhiteElo "2239"]
[BlackElo "2013"]
[Annotator "ChessBase"]
[PlyCount "71"]
[EventDate "2020.01.11"]
[EventCountry "ENG"]
[SourceTitle "playchess.com"]
[Source "ChessBase"]
[SourceQuality "1"]
[TimeControl "40/6000:3000+30"]

1. d4 Nf6 2. Nc3 d5 3. Bf4 e6 4. e3 a6 5. Bd3 c5 6. Nf3 Nc6 7. O-O Bd6 8. dxc5 Bxc5 9. e4 dxe4 10. Nxe4 Nxe4 11. Bxe4 Qxd1 12. Rfxd1 f6 13. Bd6 Ba7 14. a4 Bd7 15. b4 Bb8 16. b5 Nd8 17. bxa6 Bxd6 18. axb7 Nxb7 19. Bxb7 Ra7 20. Rxd6 Rxb7 21. Rd3 Ke7 22. Rda3 Rc8 23. Ne1 Ra7 24. a5 Bb5 25. f3 Rc5 26. Kf2 Kd6 27. f4 Ba6 28. Ke3 e5 29. fxe5+ Rxe5+ 30. Kf3 Rae7 31. Rd1+ Kc7 32. Rc3+ Kb8 33. Rd8+ Ka7 34. Nd3 Bb7+ 35. Kf4 g5+ 36. Kg3 1/2-1/2

[Event "4NCL 2019-20"]
[Site "Daventry"]
[Date "2020.02.08"]
[Round "5"]
[White "House, Glenn L"]
[Black "Jackson, James P"]
[Result "0-1"]
[ECO "A04"]
[WhiteElo "2239"]
[BlackElo "2392"]
[Annotator "ChessBase"]
[PlyCount "64"]
[EventDate "2020.01.11"]
[EventCountry "ENG"]
[SourceTitle "playchess.com"]
[Source "ChessBase"]
[SourceQuality "1"]
[TimeControl "40/6000:3000+30"]

1. Nf3 g6 2. e4 Bg7 3. d3 e5 4. g3 Ne7 5. Bg2 O-O 6. O-O d6 7. c3 c5 8. a3 Nbc6 9. b4 b6 10. b5 Na5 11. c4 f5 12. Nc3 Rb8 13. Bg5 h6 14. Bxe7 Qxe7 15. Nd5 Qf7 16. Nh4 Be6 17. exf5 gxf5 18. Rb1 Bf6 19. Nxf6+ Qxf6 20. Qh5 Rbe8 21. f4 e4 22. Rbe1 exd3 23. Rxe6 Rxe6 24. Bd5 Kg7 25. Nxf5+ Kh7 26. Bxe6 Qxe6 27. g4 Nxc4 28. Qh3 Rxf5 29. gxf5 Qe3+ 30. Kg2 Qxh3+ 31. Kxh3 Ne3 32. Rg1 d2 0-1

[Event "4NCL 2019-20"]
[Site "Daventry"]
[Date "2020.02.08"]
[Round "5"]
[White "Carleton, John J"]
[Black "Cox, John J"]
[Result "0-1"]
[ECO "E11"]
[WhiteElo "2238"]
[BlackElo "2308"]
[Annotator "RC"]
[PlyCount "60"]
[EventDate "2020.01.11"]
[EventCountry "ENG"]
[SourceTitle "playchess.com"]
[Source "ChessBase"]
[SourceQuality "1"]
[TimeControl "40/6000:3000+30"]

1. d4 e6 2. c4 Bb4+ 3. Bd2 Bxd2+ 4. Qxd2 d5 5. Nc3 Nf6 6. e3 O-O 7. Nf3 Qe7 8. Rc1 Rd8 9. cxd5 exd5 10. Bd3 c6 11. Ne5 Ng4 12. f4 Nxe5 13. fxe5 f6 14. exf6 Qxf6 15. Rf1 Qh4+ 16. g3 Qe7 17. Rf4 g5 18. Rf2 Bg4 19. e4 Nd7 20. Kf1 Rf8 21. Kg1 Rxf2 22. Qxf2 Rf8 23. Qd2 Qg7 24. e5 c5 25. Be2 Bxe2 26. Nxe2 cxd4 27. e6 Ne5 28. Nxd4 Qf6 29. Kg2 Nc4 30. Rxc4 Qf1# 0-1

[Event "4NCL 2019-20"]
[Site "Daventry"]
[Date "2020.02.08"]
[Round "5"]
[White "Weller, Jean-Luc"]
[Black "Pedersen, Carsten"]
[Result "1/2-1/2"]
[ECO "E33"]
[WhiteElo "2230"]
[BlackElo "2073"]
[Annotator "ChessBase"]
[PlyCount "67"]
[EventDate "2020.01.11"]
[EventCountry "ENG"]
[SourceTitle "playchess.com"]
[Source "ChessBase"]
[SourceQuality "1"]
[TimeControl "40/6000:3000+30"]

1. d4 Nf6 2. c4 e6 3. Nc3 Bb4 4. Qc2 Nc6 5. Nf3 d6 6. Bd2 O-O 7. a3 Bxc3 8. Bxc3 Qe7 9. e3 e5 10. Be2 Bg4 11. O-O Rfe8 12. b4 e4 13. Ne1 Bxe2 14. Qxe2 d5 15. b5 Nd8 16. Nc2 dxc4 17. Qxc4 Qe6 18. Qxe6 Nxe6 19. f3 a5 20. Be1 Nf8 21. Bg3 Rac8 22. a4 N8d7 23. Na3 Nb6 24. Be5 Nfd7 25. Bf4 f6 26. Rac1 c5 27. Nc4 Nxc4 28. Rxc4 exf3 29. Rxf3 cxd4 30. Rxd4 Nc5 31. h4 Ne6 32. Rd7 Nc5 33. Rd4 Ne6 34. Rd7 1/2-1/2

[Event "4NCL 2019-20"]
[Site "Daventry"]
[Date "2020.02.08"]
[Round "5"]
[White "Hill, Alistair"]
[Black "Tan, Justin"]
[Result "1/2-1/2"]
[ECO "A13"]
[WhiteElo "2217"]
[BlackElo "2511"]
[Annotator "ChessBase"]
[PlyCount "101"]
[EventDate "2020.01.11"]
[EventCountry "ENG"]
[SourceTitle "playchess.com"]
[Source "ChessBase"]
[SourceQuality "1"]
[TimeControl "40/6000:3000+30"]

1. Nf3 d5 2. c4 e6 3. g3 dxc4 4. Bg2 Nf6 5. O-O a6 6. Qc2 b5 7. Rd1 Bb7 8. d3 cxd3 9. Rxd3 Bd6 10. Ne5 Bxg2 11. Kxg2 O-O 12. Rd1 Qe8 13. Nf3 Qc6 14. Qxc6 Nxc6 15. Nc3 Rfd8 16. Bg5 h6 17. Bxf6 gxf6 18. Rac1 f5 19. e4 fxe4 20. Nxe4 Nb4 21. a4 Nd5 22. Nd4 b4 23. Nc6 Re8 24. Rc2 Bf8 25. a5 Kg7 26. Kf3 Bd6 27. Rc4 Rec8 28. Nc5 h5 29. Nd3 b3 30. Nc1 Ne7 31. Rd3 Nxc6 32. Rxc6 Rcb8 33. Rxb3 Rxb3+ 34. Nxb3 Rb8 35. Nc5 Rxb2 36. Nxa6 Ra2 37. Nxc7 Be5 38. Nb5 Rxa5 39. Nd6 Ra2 40. Nc4 Bd4 41. Ne3 Kg6 42. Rc2 Ra3 43. Ke4 Ba7 44. Nc4 Ra4 45. Kf3 Bd4 46. Kg2 f6 47. Nd2 Ra3 48. Nf3 Bc3 49. Re2 Ra6 50. Rc2 Ra3 51. Re2 1/2-1/2

[Event "4NCL 2019-20"]
[Site "Daventry"]
[Date "2020.02.08"]
[Round "5"]
[White "Townsend, M Paul"]
[Black "Zulfic, Fedja"]
[Result "1/2-1/2"]
[ECO "A37"]
[WhiteElo "2217"]
[BlackElo "2156"]
[Annotator "ChessBase"]
[PlyCount "81"]
[EventDate "2020.01.11"]
[EventCountry "ENG"]
[SourceTitle "playchess.com"]
[Source "ChessBase"]
[SourceQuality "1"]
[TimeControl "40/6000:3000+30"]

1. Nf3 g6 2. c4 c5 3. g3 Bg7 4. Bg2 Nc6 5. Nc3 e6 6. d3 d5 7. Bg5 f6 8. cxd5 exd5 9. Bd2 Nge7 10. O-O Be6 11. e4 Qd7 12. exd5 Nxd5 13. Qa4 O-O 14. Rad1 Ndb4 15. Be3 Nxd3 16. Qa3 c4 17. b3 Rfd8 18. bxc4 Bxc4 19. Ne4 Qe7 20. Qxe7 Nxe7 21. Rb1 Nf5 22. Nfd2 Bxa2 23. Rxb7 Nxe3 24. fxe3 f5 25. Ng5 Nc5 26. Rc7 Bd5 27. Ngf3 Bh6 28. Kf2 Nd3+ 29. Ke2 Be4 30. Nxe4 fxe4 31. Nd2 Rac8 32. Rxc8 Rxc8 33. Bxe4 Ne5 34. Rb1 Ng4 35. Nf1 Rf8 36. h3 Nf6 37. Bd3 Kh8 38. Rb7 Nd5 39. Rxa7 Nxe3 40. Nxe3 Re8 41. Ra3 1/2-1/2

[Event "4NCL 2019-20"]
[Site "Daventry"]
[Date "2020.02.08"]
[Round "5"]
[White "McClement, Andrew"]
[Black "McPhillips, Joseph"]
[Result "1-0"]
[ECO "A26"]
[WhiteElo "2215"]
[BlackElo "2434"]
[Annotator "NA"]
[PlyCount "79"]
[EventDate "2020.01.11"]
[EventCountry "ENG"]
[SourceTitle "playchess.com"]
[Source "ChessBase"]
[SourceQuality "1"]
[TimeControl "40/6000:3000+30"]

1. Nf3 Nf6 2. c4 g6 3. g3 Bg7 4. Bg2 O-O 5. O-O d6 6. Nc3 e5 7. d3 Nc6 8. Rb1 a5 9. a3 Re8 10. Bg5 h6 11. Bxf6 Bxf6 12. b4 axb4 13. axb4 Bg7 14. b5 Ne7 15. Qb3 Be6 16. Nd2 c6 17. Ra1 {[%emt 0:01:21] A26: English Opening vs King's Indian with ...Nc6 and d3.} Rxa1 18. Rxa1 d5 19. bxc6 bxc6 {[%emt 0:00:00] [#]} 20. Ra7 $146 {[%emt 0:00:35] [#]} (20. Rc1 $11 {remains equal.}) ({Predecessor:} 20. Ra6 e4 21. dxe4 dxc4 22. Qc2 Qd4 23. Ndb1 Rb8 24. Bf1 Rb3 25. Nd1 c3 26. e3 {0-1 (41) Berg,K (2375)-Hebden,M Silkeborg 1983}) 20... e4 $1 21. cxd5 cxd5 22. Nb5 {[%emt 0:04:25] [#]} e3 $1 23. fxe3 Qb6 24. d4 $17 Nf5 25. Bxd5 Rb8 26. Bxe6 fxe6 27. Rc7 Qa6 28. Rc5 Nxd4 29. exd4 Bxd4+ 30. Nxd4 Rxb3 31. N2xb3 Qa2 32. Re5 Kf7 33. Rxe6 h5 34. Re3 g5 35. Re5 Kf6 36. Re6+ Kg7 37. Nf5+ Kf7 38. Nbd4 h4 39. gxh4 gxh4 40. Rh6 1-0

[Event "4NCL 2019-20"]
[Site "Daventry"]
[Date "2020.02.08"]
[Round "5"]
[White "Dong, Bao Nghia"]
[Black "Kanyamarala, Trisha"]
[Result "1/2-1/2"]
[ECO "A70"]
[WhiteElo "2209"]
[BlackElo "2299"]
[Annotator "ChessBase"]
[PlyCount "91"]
[EventDate "2020.01.11"]
[EventCountry "ENG"]
[SourceTitle "playchess.com"]
[Source "ChessBase"]
[SourceQuality "1"]
[TimeControl "40/6000:3000+30"]

1. d4 Nf6 2. h3 d5 3. c4 e6 4. Bg5 Bb4+ 5. Nc3 h6 6. Bxf6 Qxf6 7. e3 dxc4 8. Bxc4 c5 9. Nge2 cxd4 10. Bb5+ Bd7 11. Bxd7+ Nxd7 12. exd4 Nb6 13. Qb3 Qe7 14. O-O O-O 15. Nf4 Bd6 16. Nd3 Rfd8 17. Rfe1 Qf6 18. Re4 Rac8 19. a4 Rd7 20. Rae1 Bb8 21. a5 Nc4 22. d5 Nd2 23. Qb5 Nxe4 24. Qxd7 Rd8 25. Nxe4 Rxd7 26. Nxf6+ gxf6 27. dxe6 fxe6 28. Nc5 Rd2 29. b4 Rb2 30. Nd3 Rb3 31. Rxe6 Kf7 32. Re3 Rb1+ 33. Re1 Rb3 34. Rd1 b6 35. f4 bxa5 36. bxa5 Ra3 37. Kf1 Rxa5 38. Rb1 Bd6 39. Rb7+ Ke6 40. g4 Kd5 41. Rf7 Ra1+ 42. Ke2 Ra2+ 43. Kf3 Ra3 44. Ke2 Ra2+ 45. Kf3 Ra3 46. Ke2 1/2-1/2

[Event "4NCL 2019-20"]
[Site "Daventry"]
[Date "2020.02.08"]
[Round "5"]
[White "Stewart, Ashley"]
[Black "Harvey, Marcus R"]
[Result "0-1"]
[ECO "A13"]
[WhiteElo "2152"]
[BlackElo "2419"]
[Annotator "ChessBase"]
[PlyCount "104"]
[EventDate "2020.01.11"]
[EventCountry "ENG"]
[SourceTitle "playchess.com"]
[Source "ChessBase"]
[SourceQuality "1"]
[TimeControl "40/6000:3000+30"]

1. c4 e6 2. g3 d5 3. Bg2 dxc4 4. Qa4+ Nd7 5. Qxc4 c5 6. Qb3 Bd6 7. Nf3 e5 8. d3 Ngf6 9. a4 O-O 10. Na3 h6 11. O-O Re8 12. Nd2 Nf8 13. Ndc4 Ne6 14. e3 Bc7 15. Nb5 Qe7 16. Bd2 Rd8 17. Rfd1 Bb8 18. a5 Ng5 19. a6 e4 20. dxe4 Nfxe4 21. Ba5 b6 22. Rxd8+ Qxd8 23. Be1 Bg4 24. Nc3 Qd3 25. Rd1 Bxd1 26. Qxd1 Qxd1 27. Nxd1 Bc7 28. Nc3 Re8 29. Nb5 Bb8 30. h4 Nh7 31. b4 cxb4 32. Bxb4 Nc5 33. Ncd6 Bxd6 34. Nxd6 Re6 35. Nc8 Nxa6 36. Bc3 Nf6 37. Nxa7 Nc5 38. Nb5 Nfe4 39. Bd4 Re8 40. Bf3 Rd8 41. Kg2 Nd6 42. Nc3 Nf5 43. Be5 Nd3 44. Be4 Nxh4+ 45. gxh4 Nxe5 46. Nb5 Rd2 47. Kg3 Nd3 48. f4 Nc5 49. Bc6 g6 50. Nd4 Ne6 51. Nb5 Ng7 52. e4 Rd3+ 0-1

[Event "4NCL 2019-20"]
[Site "Daventry"]
[Date "2020.02.08"]
[Round "5"]
[White "Bremner, Adam"]
[Black "Thorarinsson, Pall A."]
[Result "1-0"]
[ECO "A89"]
[WhiteElo "2148"]
[BlackElo "2185"]
[Annotator "ChessBase"]
[PlyCount "41"]
[EventDate "2020.01.11"]
[EventCountry "ENG"]
[SourceTitle "playchess.com"]
[Source "ChessBase"]
[SourceQuality "1"]
[TimeControl "40/6000:3000+30"]

1. d4 g6 2. Nf3 Bg7 3. g3 f5 4. Bg2 Nf6 5. O-O O-O 6. c4 d6 7. Nc3 Nc6 8. d5 Ne5 9. Nxe5 dxe5 10. c5 b6 11. b4 a5 12. d6 e4 13. Bf4 axb4 14. Nd5 exd6 15. cxb6 cxb6 16. Rc1 Ra5 17. Rxc8 Rxd5 18. Rxd8 Rxd8 19. Qb3 Kh8 20. Bg5 Rd4 21. Qb2 1-0

[Event "4NCL 2019-20"]
[Site "Daventry"]
[Date "2020.02.08"]
[Round "5"]
[White "Murray, David"]
[Black "Makkar, Rajat"]
[Result "1-0"]
[ECO "C24"]
[WhiteElo "2145"]
[BlackElo "2179"]
[Annotator "ChessBase"]
[PlyCount "81"]
[EventDate "2020.01.11"]
[EventCountry "ENG"]
[SourceTitle "playchess.com"]
[Source "ChessBase"]
[SourceQuality "1"]
[TimeControl "40/6000:3000+30"]

1. e4 e5 2. Bc4 Nf6 3. d3 c6 4. Qe2 Bb4+ 5. c3 Be7 6. Nf3 d6 7. d4 exd4 8. cxd4 Nxe4 9. Qxe4 d5 10. Qe5 dxc4 11. Qxg7 Bf6 12. Qh6 Qe7+ 13. Be3 Bf5 14. O-O Nd7 15. Nc3 Rg8 16. Rfe1 O-O-O 17. d5 Bxc3 18. bxc3 Be4 19. Bg5 f6 20. dxc6 Nc5 21. Qh3+ Kb8 22. Bf4+ Ka8 23. Bg3 Qf7 24. c7 Rd7 25. Nd4 f5 26. f3 f4 27. Bh4 Bd5 28. Re7 Be6 29. Rxe6 Nxe6 30. Nxe6 Rd2 31. Re1 a6 32. Bd8 Qd7 33. Ng5 Rxd8 34. Qxd7 R2xd7 35. cxd8=Q+ Rxd8 36. Ne4 b5 37. Re2 Rd3 38. Rd2 Re3 39. Kf2 a5 40. g3 b4 41. gxf4 1-0

[Event "4NCL 2019-20"]
[Site "Daventry"]
[Date "2020.02.08"]
[Round "5"]
[White "Quinn, John M"]
[Black "Chow, Samuel"]
[Result "0-1"]
[ECO "D96"]
[WhiteElo "2139"]
[BlackElo "2317"]
[Annotator "ChessBase"]
[PlyCount "70"]
[EventDate "2020.01.11"]
[EventCountry "ENG"]
[SourceTitle "playchess.com"]
[Source "ChessBase"]
[SourceQuality "1"]
[TimeControl "40/6000:3000+30"]

1. d4 Nf6 2. c4 g6 3. Nc3 d5 4. Nf3 Bg7 5. Qb3 dxc4 6. Qxc4 Be6 7. Qb5+ Bd7 8. Qd3 c5 9. d5 b5 10. e4 b4 11. Nd1 O-O 12. Ne3 e6 13. Be2 Bc8 14. dxe6 Bxe6 15. Ng5 Qxd3 16. Bxd3 Nc6 17. Nxe6 fxe6 18. Bc4 Nd4 19. f3 Nd7 20. O-O a5 21. Rd1 Ne5 22. Bf1 Rad8 23. Kh1 b3 24. f4 Nc2 25. Rxd8 Rxd8 26. fxe5 Nxa1 27. Bc4 Kf7 28. axb3 Bxe5 29. g3 h5 30. Kg2 Rb8 31. Nd1 Nxb3 32. Be3 a4 33. Kf2 Bxb2 34. Nxb2 a3 35. Bxb3 Rxb3 0-1

[Event "4NCL 2019-20"]
[Site "Daventry"]
[Date "2020.02.08"]
[Round "5"]
[White "Ledger, Dave J"]
[Black "Eggleston, David J"]
[Result "1/2-1/2"]
[ECO "C11"]
[WhiteElo "2135"]
[BlackElo "2396"]
[Annotator "ChessBase"]
[PlyCount "123"]
[EventDate "2020.01.11"]
[EventCountry "ENG"]
[SourceTitle "playchess.com"]
[Source "ChessBase"]
[SourceQuality "1"]
[TimeControl "40/6000:3000+30"]

1. e4 e6 2. d4 d5 3. Nc3 Nf6 4. e5 Nfd7 5. f4 c5 6. Nf3 Nc6 7. Be3 Be7 8. Qd2 O-O 9. dxc5 Bxc5 10. Nd4 a6 11. O-O-O Nxd4 12. Bxd4 b5 13. Qf2 Qc7 14. Bd3 b4 15. Na4 Bxd4 16. Qxd4 a5 17. Rhe1 Ba6 18. Re2 Rfc8 19. b3 Qb7 20. f5 exf5 21. e6 fxe6 22. Rxe6 Bxd3 23. Qxd3 Nc5 24. Nxc5 Rxc5 25. Rde1 Qf7 26. Re7 Qf6 27. Kb1 h6 28. R1e6 Qg5 29. Qd4 Rac8 30. Re8+ Kh7 31. Rxc8 Rxc8 32. Qxd5 Rd8 33. Qf3 Rd2 34. h4 Qg4 35. Qxg4 fxg4 36. g3 Rg2 37. Re3 h5 38. c4 bxc3 39. Rxc3 g5 40. hxg5 Kg6 41. a3 Rf2 42. Kc1 Rf5 43. b4 axb4 44. axb4 h4 45. gxh4 Kh5 46. Kb2 Kxh4 47. g6 Rg5 48. Kb3 g3 49. Rc1 g2 50. Kc4 g1=Q 51. Rxg1 Rxg1 52. b5 Kh5 53. g7 Kh6 54. Kc5 Kxg7 55. b6 Kf7 56. b7 Rb1 57. Kc6 Ke7 58. Kc7 Rc1+ 59. Kb6 Kd7 60. b8=Q Rb1+ 61. Ka7 Rxb8 62. Kxb8 1/2-1/2

[Event "4NCL 2019-20"]
[Site "Daventry"]
[Date "2020.02.08"]
[Round "5"]
[White "Walton, Alan J"]
[Black "Suarez Real, Alberto"]
[Result "0-1"]
[ECO "D02"]
[WhiteElo "2123"]
[BlackElo "2449"]
[Annotator "ChessBase"]
[PlyCount "52"]
[EventDate "2020.01.11"]
[EventCountry "ENG"]
[SourceTitle "playchess.com"]
[Source "ChessBase"]
[SourceQuality "1"]
[TimeControl "40/6000:3000+30"]

1. d4 Nf6 2. Bg5 d5 3. e3 c5 4. c3 Nc6 5. Nf3 Qb6 6. Qb3 c4 7. Qxb6 axb6 8. Nbd2 b5 9. Ne5 Nxe5 10. dxe5 Nd7 11. Nf3 f6 12. Bf4 b4 13. Be2 bxc3 14. bxc3 Ra3 15. exf6 gxf6 16. Rd1 e5 17. Bg3 Nb6 18. O-O Rxa2 19. Rfe1 Na4 20. Nxe5 Rxe2 21. Rxe2 Nxc3 22. Red2 Nxd1 23. Rxd1 fxe5 24. Bxe5 Rg8 25. Rxd5 Bd7 26. g3 b5 0-1

[Event "4NCL 2019-20"]
[Site "Daventry"]
[Date "2020.02.08"]
[Round "5"]
[White "Head, Louise"]
[Black "Jackson, Carl"]
[Result "1-0"]
[ECO "D07"]
[WhiteElo "2100"]
[BlackElo "2046"]
[Annotator "ChessBase"]
[PlyCount "51"]
[EventDate "2020.01.11"]
[EventCountry "ENG"]
[SourceTitle "playchess.com"]
[Source "ChessBase"]
[SourceQuality "1"]
[TimeControl "40/6000:3000+30"]

1. d4 d5 2. c4 Nc6 3. cxd5 Qxd5 4. e3 e5 5. Nc3 Bb4 6. Bd2 Bxc3 7. bxc3 Nf6 8. f3 e4 9. c4 Qd6 10. Qb1 Bf5 11. f4 O-O 12. Ne2 Rfe8 13. Qb3 b6 14. Ng3 Bg4 15. Bc3 Nh5 16. Nxh5 Bxh5 17. d5 Ne7 18. g4 Bxg4 19. Rg1 Qd7 20. h3 Bxh3 21. Rxg7+ Kf8 22. Rxh7 Bxf1 23. Qb2 f6 24. Bxf6 Qf5 25. Bxe7+ Rxe7 26. Qh8# 1-0

[Event "4NCL 2019-20"]
[Site "Daventry"]
[Date "2020.02.08"]
[Round "5"]
[White "Freeman, Gordon"]
[Black "Dicu, Dan-Alexandru"]
[Result "1/2-1/2"]
[ECO "D30"]
[WhiteElo "2088"]
[BlackElo "2106"]
[Annotator "ChessBase"]
[PlyCount "82"]
[EventDate "2020.01.11"]
[EventCountry "ENG"]
[SourceTitle "playchess.com"]
[Source "ChessBase"]
[SourceQuality "1"]
[TimeControl "40/6000:3000+30"]

1. d4 d5 2. Nf3 e6 3. c4 a6 4. g3 dxc4 5. Bg2 b5 6. a4 Bb7 7. O-O Nd7 8. b3 cxb3 9. Qxb3 Bd5 10. Qc2 c5 11. Nc3 Bc6 12. dxc5 Ngf6 13. axb5 axb5 14. Bg5 Rxa1 15. Rxa1 Bxc5 16. Bxf6 Qxf6 17. Rb1 b4 18. Na4 Bxa4 19. Qxa4 Ke7 20. Rxb4 Bxb4 21. Qxb4+ Ke8 22. Nd4 Qe7 23. Qa4 Kf8 24. Nc6 Nb6 25. Qf4 e5 26. Nxe5 Nd7 27. Nc6 Qc5 28. Qd2 Nf6 29. Qd8+ Ne8 30. Bd5 Qd6 31. Qa5 g6 32. e4 Kg7 33. e5 Qd7 34. Qc5 Nc7 35. Qd6 Qxd6 36. exd6 Nxd5 37. d7 Kf6 38. d8=Q+ Rxd8 39. Nxd8 Nb4 40. Kg2 Nd3 41. h4 h5 1/2-1/2

[Event "4NCL 2019-20"]
[Site "Daventry"]
[Date "2020.02.08"]
[Round "5"]
[White "Leon Cazares, Gustavo"]
[Black "York-Weaving, Richard"]
[Result "0-1"]
[ECO "B22"]
[WhiteElo "2084"]
[BlackElo "2339"]
[Annotator "ChessBase"]
[PlyCount "68"]
[EventDate "2020.01.11"]
[EventCountry "ENG"]
[SourceTitle "playchess.com"]
[Source "ChessBase"]
[SourceQuality "1"]
[TimeControl "40/6000:3000+30"]

1. e4 c5 2. c3 Nf6 3. e5 Nd5 4. Nf3 e6 5. Bc4 d6 6. d4 cxd4 7. cxd4 Be7 8. O-O O-O 9. Nbd2 b6 10. Qe2 Bb7 11. Ne4 dxe5 12. dxe5 h6 13. Bd2 Nd7 14. Rad1 Rc8 15. Rfe1 Qc7 16. Rc1 Qb8 17. Ng3 Rfd8 18. Nh5 Bf8 19. Nh4 Nxe5 20. Bxd5 Rxc1 21. Bxc1 Rxd5 22. Bxh6 Qd8 23. Nf3 Nxf3+ 24. Qxf3 Re5 25. Qc3 Rxe1+ 26. Qxe1 gxh6 27. f3 Qg5 28. Ng3 Bc5+ 29. Kh1 h5 30. b4 Bd6 31. Qd1 Bd5 32. Qe1 Bxb4 33. Qa1 h4 34. f4 Qg4 0-1

[Event "4NCL 2019-20"]
[Site "Daventry"]
[Date "2020.02.08"]
[Round "5"]
[White "Jackson, Sheila"]
[Black "Sowray, Peter J"]
[Result "1/2-1/2"]
[ECO "C49"]
[WhiteElo "2064"]
[BlackElo "2272"]
[Annotator "NA"]
[PlyCount "75"]
[EventDate "2020.01.11"]
[EventCountry "ENG"]
[SourceTitle "playchess.com"]
[Source "ChessBase"]
[SourceQuality "1"]
[TimeControl "40/6000:3000+30"]

1. e4 e5 2. Nf3 Nc6 3. Nc3 Nf6 4. Bb5 Bb4 5. d3 d6 6. O-O $11 Bxc3 7. bxc3 O-O 8. Bxc6 bxc6 9. Bg5 h6 10. Bh4 Bg4 11. h3 Bxf3 12. Qxf3 g5 13. Bg3 Qe7 14. Rfe1 Nd7 15. d4 f6 16. Rab1 Nb6 17. Qf5 Kg7 18. h4 Qf7 19. hxg5 hxg5 20. dxe5 dxe5 21. Bxe5 fxe5 22. Qxg5+ Qg6 23. Qxe5+ Qf6 24. Qxc7+ Rf7 25. Qg3+ Qg6 26. Qe5+ Kg8 27. Re3 Nc4 28. Rb8+ Rf8 29. Qg3 Qxg3 30. Rxg3+ Kh7 31. Rb7+ Kh6 32. Rh3+ Kg6 33. Rbh7 Ne5 34. R3h6+ Kg5 35. Rh5+ Kg6 36. R5h6+ Kg5 37. Rh5+ Kg6 38. R5h6+ 1/2-1/2

[Event "4NCL 2019-20"]
[Site "Daventry"]
[Date "2020.02.08"]
[Round "5"]
[White "Bhatia, Kanwal K"]
[Black "Latham, David"]
[Result "0-1"]
[ECO "B17"]
[WhiteElo "2037"]
[BlackElo "2064"]
[Annotator "NA"]
[PlyCount "78"]
[EventDate "2020.01.11"]
[EventCountry "ENG"]
[SourceTitle "playchess.com"]
[Source "ChessBase"]
[SourceQuality "1"]
[TimeControl "40/6000:3000+30"]

1. e4 c6 2. d4 d5 3. Nd2 dxe4 4. Nxe4 Nd7 5. Nf3 $11 Ndf6 6. Ng3 e6 7. Bd3 Bd6 8. O-O Ne7 9. Re1 O-O 10. Ne5 Ng6 11. Bg5 Be7 12. c3 Nd5 13. Bxe7 Qxe7 14. Bc2 Nxe5 15. dxe5 Nf4 16. Qd4 Ng6 17. Rad1 b6 18. Ne4 Bb7 19. Nd6 Rad8 20. Qe3 Ba8 21. Rd2 c5 22. Red1 Bc6 23. b4 cxb4 24. cxb4 Qh4 25. Rd4 Qe7 26. a3 Bd5 27. f4 f6 28. Qg3 fxe5 29. fxe5 Nxe5 30. Qxe5 Qxd6 31. Qh5 h6 32. Qg6 Rf6 33. Qh7+ Kf8 34. Bg6 Qe5 35. Qh8+ Ke7 36. Qxg7+ Kd6 37. Qh7 Qe2 38. R4d2 Qe3+ 39. Kh1 Qxd2 0-1

[Event "4NCL 2019-20"]
[Site "Daventry"]
[Date "2020.02.08"]
[Round "5"]
[White "Skulte, Christopher"]
[Black "Palliser, Richard J D"]
[Result "0-1"]
[ECO "B06"]
[WhiteElo "2033"]
[BlackElo "2399"]
[Annotator "ChessBase"]
[PlyCount "88"]
[EventDate "2020.01.11"]
[EventCountry "ENG"]
[SourceTitle "playchess.com"]
[Source "ChessBase"]
[SourceQuality "1"]
[TimeControl "40/6000:3000+30"]

1. e4 g6 2. d4 Bg7 3. Be3 d6 4. Nc3 a6 5. Qd2 b5 6. a4 b4 7. Nd5 a5 8. c3 c6 9. Nf4 bxc3 10. bxc3 Nf6 11. f3 O-O 12. Nd3 Nbd7 13. Bh6 Bxh6 14. Qxh6 e5 15. Ne2 Ba6 16. Qd2 Bxd3 17. Qxd3 d5 18. g3 exd4 19. cxd4 dxe4 20. fxe4 Nc5 21. Qc2 Ncxe4 22. Bg2 Re8 23. O-O Rc8 24. Rf4 Nd6 25. Bh3 Rc7 26. Rc1 Nd5 27. Rf3 Nb4 28. Qd2 Ne4 29. Qh6 Ng5 30. Rf2 Nd3 31. Rcf1 Nxf2 32. Rxf2 Nxh3+ 33. Qxh3 Rce7 34. Nf4 Qxd4 35. Qh4 Re1+ 36. Kg2 Qe4+ 37. Kh3 Qf5+ 38. Kg2 g5 39. Qh5 Qe4+ 40. Kh3 gxf4 41. Rxf4 Qe6+ 42. Rg4+ Kh8 43. Qg5 Qe5 44. Qh6 Rg8 0-1

[Event "4NCL 2019-20"]
[Site "Daventry"]
[Date "2020.02.08"]
[Round "5"]
[White "Varney, Zoe"]
[Black "Steil-Antoni, Fiona"]
[Result "0-1"]
[ECO "C54"]
[WhiteElo "2004"]
[BlackElo "2121"]
[Annotator "ChessBase"]
[PlyCount "78"]
[EventDate "2020.01.11"]
[EventCountry "ENG"]
[SourceTitle "playchess.com"]
[Source "ChessBase"]
[SourceQuality "1"]
[TimeControl "40/6000:3000+30"]

1. e4 e5 2. Nf3 Nc6 3. Bc4 Bc5 4. c3 Nf6 5. d4 exd4 6. cxd4 Bb4+ 7. Bd2 Nxe4 8. Bxb4 Nxb4 9. Bxf7+ Kxf7 10. Qb3+ Kf8 11. Qxb4+ Qe7 12. Qxe7+ Kxe7 13. Nc3 Nxc3 14. bxc3 d6 15. Nd2 Bf5 16. f3 Kd7 17. Kf2 Rhe8 18. Rhe1 a5 19. Rxe8 Rxe8 20. Re1 Rxe1 21. Kxe1 Kc6 22. Kd1 b5 23. Kc1 b4 24. Kb2 Kb5 25. c4+ Kb6 26. Kb3 c5 27. d5 Bd7 28. Ne4 Kc7 29. Ng5 a4+ 30. Kb2 Bf5 31. Ne6+ Kd7 32. Nxg7 Bd3 33. Ne6 Bxc4 34. Nf8+ Ke7 35. Nxh7 a3+ 36. Ka1 Bxd5 37. Ng5 c4 38. Ne4 c3 39. Kb1 Bxa2+ 0-1

[Event "4NCL 2019-20"]
[Site "Daventry"]
[Date "2020.02.08"]
[Round "5"]
[White "Evans, Craig"]
[Black "Wall, Tim P"]
[Result "0-1"]
[ECO "D06"]
[WhiteElo "2003"]
[BlackElo "2201"]
[Annotator "ChessBase"]
[PlyCount "98"]
[EventDate "2020.01.11"]
[EventCountry "ENG"]
[SourceTitle "playchess.com"]
[Source "ChessBase"]
[SourceQuality "1"]
[TimeControl "40/6000:3000+30"]

1. Nf3 d5 2. d4 Bf5 3. c4 e6 4. g3 Nc6 5. Qa4 Qd7 6. Bg2 Nf6 7. O-O Be7 8. Rd1 Ne4 9. Be3 O-O 10. Ne1 Bg6 11. f3 Nd6 12. cxd5 exd5 13. Bf2 Nc4 14. Qb3 a5 15. e4 a4 16. Qc3 a3 17. bxa3 Nxa3 18. Nxa3 Rxa3 19. Qb2 Bh5 20. Nc2 Ra5 21. g4 Bg6 22. Be1 Ra6 23. exd5 Bxc2 24. Qxc2 Qxd5 25. f4 Qd7 26. d5 Nb4 27. Qb3 Rb6 28. Bf2 Rg6 29. d6 Qxg4 30. Bg3 Bxd6 31. Rxd6 Rxd6 32. Qxb4 Rd1+ 33. Rxd1 Qxd1+ 34. Bf1 b6 35. Qc4 c5 36. Qb3 Qd4+ 37. Kg2 Qe4+ 38. Kg1 Qg6 39. Bd3 Qd6 40. Qc4 Rd8 41. Be2 Qd2 42. Kf1 Re8 43. Be1 Qe3 44. Bf2 Qe4 45. Qa6 h6 46. Bg3 g6 47. Qb5 h5 48. Kf2 h4 49. Bxh4 Qxf4+ 0-1

[Event "4NCL 2019-20"]
[Site "Daventry"]
[Date "2020.02.08"]
[Round "5"]
[White "York-Weaving, Anna"]
[Black "Sygnowski, Tomasz"]
[Result "0-1"]
[ECO "C06"]
[WhiteElo "1739"]
[BlackElo "2185"]
[Annotator "ChessBase"]
[PlyCount "72"]
[EventDate "2020.01.11"]
[EventCountry "ENG"]
[SourceTitle "playchess.com"]
[Source "ChessBase"]
[SourceQuality "1"]
[TimeControl "40/6000:3000+30"]

1. e4 e6 2. d4 d5 3. Nd2 Nf6 4. e5 Nfd7 5. Bd3 c5 6. c3 Nc6 7. Ne2 Qb6 8. Nf3 cxd4 9. cxd4 f6 10. exf6 Nxf6 11. O-O Bd6 12. b3 e5 13. dxe5 Nxe5 14. Nxe5 Bxe5 15. Rb1 O-O 16. h3 Qa5 17. Bb2 Re8 18. a4 Bd7 19. Nd4 Rac8 20. f4 Bd6 21. Nf5 Qb6+ 22. Kh1 Bb4 23. Bd4 Bc5 24. Be5 Bxf5 25. Bxf5 Rcd8 26. Qd3 h6 27. Rf3 Rf8 28. Rc1 Bd6 29. Bxf6 Rxf6 30. Qxd5+ Kh8 31. Rd1 Be7 32. Qe4 Rxd1+ 33. Kh2 Qg1+ 34. Kg3 Qe1+ 35. Qxe1 Rxe1 36. Bd3 Bd6 0-1